 Dungeon Crawl Stone Soup version 0.27.1-2-g3b301248ec (webtiles) character file.

Game seed: 13313458584858231078

92 Trumpetguy the Conjurer (level 4, -2/24 HPs)
             Began as a Tengu Conjurer on Oct 4, 2021.
             Killed from afar by Sigmund (7 damage)
             ... with a magic dart
             ... on level 2 of the Dungeon.
             The game lasted 01:03:29 (3213 turns).

Trumpetguy the Conjurer (Tengu Conjurer)            Turns: 3213, Time: 01:03:29

Health: -2/24      AC:  2    Str:  8    XL:     4   Next: 60%
Magic:  8/8        EV: 12    Int: 19    God:
Gold:   130        SH:  0    Dex: 12    Spells: 4/7 levels left

rFire    + + .     SeeInvis .   (no weapon)
rCold    + + .     Faith    .   (no shield)
rNeg     . . .     Spirit   .   a - +0 robe
rPois    +         Reflect  .   (helmet restricted)
rElec    +         Harm     .   g - scarf {rC+ rF+}
rCorr    +         Rampage  .   (no gloves)
Will     .....                  (boots unavailable)
Stlth    ++........             (no amulet)
HPRegen  0.08/turn              (no ring)
MPRegen  0.11/turn              (no ring)

@: resistant
A: beak, talons 3
a: no special abilities


You were on level 2 of the Dungeon.
You visited 1 branch of the dungeon, and saw 2 of its levels.

You collected 130 gold pieces.

Inventory:

Hand Weapons
 d - a +0 dagger of flaming
Armour
 a - a +0 robe (worn)
 g - a scarf of resistance (worn)
Scrolls
 b - a scroll of identify {unknown}
 e - a scroll of amnesia {unknown}


   Skills:
 + Level 2.5 Dodging
 + Level 2.5 Stealth
 - Level 0.2 Unarmed Combat
 + Level 2.3 Spellcasting
 + Level 7.0 Conjurations


You had 4 spell levels left.
You knew the following spells:

 Your Spells              Type           Power      Damage    Failure   Level
a - Magic Dart            Conj           100%       1d8       1%          1
b - Searing Ray           Conj           58%        3d5       1%          2

Your spell library contained the following spells:

 Spells                   Type           Power      Damage    Failure   Level
 Dazzling Flash           Conj/Hex       30%        N/A       12%         3
 Stone Arrow              Conj/Erth      30%        3d8       12%         3
 Slow                     Hex            2%         N/A       24%         2
 Fulminant Prism          Conj/Hex       7%         3d7       36%         4
 Iskenderun's Mystic Bla  Conj/Tloc      15%        2d5       36%         4
 Confusing Touch          Hex            2%         N/A       43%         3
 Vampiric Draining        Necr           1%         2d6       43%         3
 Animate Armour           Summ/Erth      4%         N/A       85%         4
 Animate Dead             Necr           1%         N/A       85%         4
 Haunt                    Necr/Summ      1%         N/A       100%        7
 Infestation              Necr           1%         N/A       100%        8
 Lehudib's Crystal Spear  Conj/Erth      7%         10d3      100%        8


Dungeon Overview and Level Annotations

Branches:
Dungeon (2/15)

Altars:

Shops:
D:2 [

Annotations:
D:2 Sigmund


Innate Abilities, Weirdness & Mutations

You have a beak for a mouth.
You have claws for feet.


Message History

It was a potion of might.
You feel very mighty all of a sudden.
You feel less confused.
You hear some strange, mumbled words.
You are confused.
Something completely misses you.
It was a potion of cancellation.
Your magical effects are unravelling.
You feel magically purged.
You feel less confused.
You feel a little less mighty now.
A magic dart appears from out of thin air!
The magic dart hits you.
* * * LOW HITPOINT WARNING * * *
A puff of flame appears from out of thin air!
The puff of flame misses you.
You are confused.
You bump into the rock wall.
Something tries to affect you, but you resist.
You bump into the rock wall.
It was a potion of curing.
You feel better.
You hear some strange, mumbled words.
A puff of flame appears from out of thin air!
The puff of flame hits you. You resist.
You hear some strange, mumbled words.
You are confused.
Something hits you.
* * * LOW HITPOINT WARNING * * *
It was a potion of heal wounds.
You feel much better. Something hits you!
You bump into the rock wall.
You bump into the rock wall.
Something hits you!
* * * LOW HITPOINT WARNING * * *
It was a potion of resistance.
You feel protected. Something hits you but does no damage.
You bump into the rock wall.
You feel less confused.
Sigmund appears from thin air!
Reactivating autopickup.
Sigmund casts a spell at you. The magic dart hits you!
You die...

#.# #.# #.# #.# #.# #.# ### #.#
#.# ..# #.# #.# ####### #.# #.#
#.# #...... #.# #.#
####.####.##### #.# #.#
######............# #.###.#
#..@......####.##.##
......########.####.#........#...
#.######.....@..# #.#.#####..####
#.# #.#####..# #.#.#####..#
#.######.#####..# #.#....##..#
................# #.####.##..#
#.#############.# #.## #.##..####
..# #.# #..###.##...... ### #.#
#.#.##.###.####


You could see Sigmund.

Vanquished Creatures
  3 gnolls (D:2)
  2 adders (D:2)
  A worm (D:2)
  A dart slug (D:2)
  2 bats (D:2)
  An endoplasm (D:1)
  2 giant cockroaches (D:1)
  2 goblins (D:1)
  6 hobgoblins
  3 jackals (D:1)
  2 kobolds
  A quokka (D:2)
  5 ball pythons
  3 frilled lizards
  5 rats
39 creatures vanquished.

Notes
Turn   | Place    | Note
-------+----------+-------------------------------------------
     0 | D:1      | Trumpetguy the Tengu Conjurer began the quest for the Orb.
     0 | D:1      | Reached XP level 1. HP: 10/10 MP: 4/4
   715 | D:1      | Reached XP level 2. HP: 15/15 MP: 4/6
   718 | D:1      | Learned a level 2 spell: Searing Ray
   976 | D:1      | Reached skill level 6 in Conjurations
  1173 | D:1      | Found a faded altar of an unknown god.
  1399 | D:1      | Reached XP level 3. HP: 19/19 MP: 3/7
  1694 | D:2      | Found Dehont's Antique Armour Shoppe.
  2057 | D:2      | Noticed Sigmund
  2548 | D:2      | Reached XP level 4. HP: 24/24 MP: 2/8
  2772 | D:2      | Reached skill level 7 in Conjurations
  3213 | D:2      | Killed from afar by Sigmund

Illustrated notes

Levels and vault maps discovered:
D:1:      scummos_arrival_simple_crosswalls, layout_basic,
          hellmonk_ecumenical_altar_lost_god, minmay_misc_feat_iff
D:2:      layout_loops_ring, serial_shops,
          nicolae_shop_temple_entry_statues_fountains, uniq_sigmund

Skill      XL: |  1  2  3  4 |
---------------+-------------+-----
Conjurations   | 6 7 |  7.0
Dodging        | |  2.5
Stealth        | |  2.5
Unarmed Combat | |  0.2
Spellcasting   | |  2.3

Action                   |  1- 3 |  4- 6 || total
-------------------------+-------+-------++-------
Melee: Unarmed           |    30 |       ||    30
       Kick              |     8 |       ||     8
       Peck              |     2 |       ||     2
 Cast: Magic Dart        |    20 |       ||    20
       Searing Ray       |    16 |     8 ||    24
  Use: Potion            |       |     5 ||     5
 Stab: Sleeping          |     1 |       ||     1
Armor: Robe              |     6 |     2 ||     8
Dodge: Dodged            |    20 |     9 ||    29
